Match 23024554
Unlisted

Match 23024554
End
Construct Section Command Post
Royal Engineer Section
Selects Air and Sea Battlegroup
Infantry Section
ML 3-inch Mortar Team
Royal Engineer Section
Selects Commando Section Paradrop
Construct Platoon Command Post
Commando Section Paradrop
CMP 15cwt Truck
Construct Company Command Post
Royal Engineer Section
Selects Commando LMG Section Paradrop
Matilda II Heavy Tank
Matilda II Heavy Tank
Unlock M3 Grant Medium Tanks
Royal Engineer Section
Armored Vehicle Training
Unlock Towed 17-pounder Anti-tank Guns
Crusader II Medium Tank
Commando Section Paradrop
Crusader II Medium Tank
Selects Anti-tank Rocket Loiter
Royal Engineer Section
Anti-tank Rocket Loiter
Matilda II Heavy Tank
Infantry Section
Royal Engineer Section
Anti-tank Rocket Loiter
Selects Supply Surplus
Selects Centaur Medium Tank
Selects Naval Bombardment
Naval Bombardment
Royal Engineer Section
Centaur Medium Tank
Anti-tank Rocket Loiter
Centaur Medium Tank
Matilda II Heavy Tank
Matilda II Heavy Tank
Naval Bombardment
Anti-tank Rocket Loiter
6-pounder Anti-tank Gun Team
6-pounder Anti-tank Gun Team
Royal Engineer Section
Commando LMG Section Paradrop
Centaur Medium Tank
Matilda II Heavy Tank
Anti-tank Rocket Loiter
Retux
Leonhiro
Aen Ard Feainn
$1ngul4r1ty
Khora
KAF09
ElectricMan134
Ripsy
0
0

Comments sign in to comment!

No comments posted yet!